 Dungeon Crawl Stone Soup version 0.27-a0-1140-g099f9bb0e8 (webtiles) character file.

Game seed: 18359893365156152757

118 heikuro the Skirmisher (level 5, -6/42 HPs)
             Began as a Formicid Abyssal Knight on May 9, 2021.
             Was a Follower of Lugonu.
             Killed from afar by Ijyb (11 damage)
             ... with a puff of flame
             ... on level 3 of the Dungeon.
             The game lasted 00:04:27 (2353 turns).

heikuro the Skirmisher (Formicid Abyssal Knight)    Turns: 2353, Time: 00:04:27

Health: -6/42      AC:  5    Str: 18    XL:     5   Next: 23%
Magic:  7/7        EV: 10    Int: 11    God:    Lugonu [*.....]
Gold:   89         SH:  0    Dex: 10    Spells: 4/4 levels left

rFire    . . .     SeeInvis +   a - +1 hand axe
rCold    . . .     Faith    .   (no shield)
rNeg     . . .     Spirit   .   n - +0 ring mail
rPois    .         Reflect  .   (helmet unavailable)
rElec    .         Harm     .   (no cloak)
rCorr    .         Rampage  .   (no gloves)
Will     .....                  (no boots)
Stlth    ..........             (no amulet)
HPRegen  0.14/turn              (no ring)
MPRegen  0.10/turn              (no ring)

@: no status effects
A: permanent stasis, dig shafts and tunnels, antennae 3, four strong arms
a: Dig, Shaft Self, Renounce Religion, Depart the Abyss


You were on level 3 of the Dungeon.
You worshipped Lugonu.
Lugonu was aware of your devotion.
You visited 1 branch of the dungeon, and saw 3 of its levels.
You visited the Abyss 1 time.

You collected 89 gold pieces.

Inventory:

Hand Weapons
 a - a +1 hand axe (weapon)
 b - a +0 hunting sling
Missiles
 h - 39 stones
 i - 3 boomerangs
Armour
 n - a +0 ring mail (worn)
Magical Staves
 l - a staff of poison
Wands
 d - a wand of iceblast (12)
 q - a wand of polymorph (8)
Scrolls
 c - a scroll of fear {unknown}
 f - a scroll of blinking {unknown}
 g - a scroll of enchant weapon {unknown}
 j - a scroll of identify {unknown}
 k - a scroll of magic mapping {unknown}
Potions
 e - a potion of might {unknown}
 m - a potion of flight {unknown}
 o - a potion of resistance {unknown}
 p - a potion of lignification {unknown}


   Skills:
 + Level 3.8 Fighting
 * Level 3.3 Axes
 + Level 1.5 Slings
 + Level 2.9 Armour
 - Level 1.0 Dodging
 + Level 3.2 Invocations


You had 4 spell levels left.
You didn't know any spells.
Your spell library was empty.

Dungeon Overview and Level Annotations

Branches:
Dungeon (3/15)

Altars:

Annotations:
D:3 Ijyb


Innate Abilities, Weirdness & Mutations

You cannot be hasted, slowed, berserked, paralysed or teleported.
You can dig through walls and to a lower floor.
You have a pair of large antennae on your head. (SInv)
Your four strong arms can wield two-handed weapons with a shield.


Message History

Ijyb is moderately wounded.
Fire: 40 stones
Press: ? - help, Q - select action, (/) - cycle Shift-Dir - straight line, f/p - Ijyb
Aim: Ijyb, wielding a +1 dagger of venom, wearing a +0 leather armour and carrying a wand of flame (11) (moderately wounded, 47% to hit)
You shoot a stone. The stone hits Ijyb.
Ijyb is heavily wounded.
Ijyb zaps a wand.
The puff of flame hits you!
a - a +1 hand axe (weapon)
Ijyb closely misses you.
You hit Ijyb.
Ijyb is severely wounded.
Ijyb hits you with a +1 dagger of venom.
You are poisoned.
You hit Ijyb.
Ijyb is severely wounded.
You feel very sick. Ijyb barely misses you.
You hit Ijyb.
Ijyb is almost dead.
You feel sick. Ijyb barely misses you.
You barely miss Ijyb.
Ijyb is almost dead.
You feel sick. Ijyb barely misses you.
You hit Ijyb but do no damage.
Ijyb is almost dead.
You feel sick.
Ijyb zaps a wand.
The puff of flame hits you!
You miss Ijyb.
Ijyb is almost dead.
You feel sick.
Ijyb zaps a wand.
The puff of flame hits you.
* * * LOW HITPOINT WARNING * * *
Ijyb completely misses you.
You hit Ijyb but do no damage.
Ijyb is almost dead.
You feel sick.
Ijyb zaps a wand.
The puff of flame misses you.
You barely miss Ijyb.
Ijyb is almost dead.
You feel sick.
You are no longer poisoned.
Ijyb zaps a wand.
The puff of flame hits you!
You die...

## #. # #. .#
#.#########.
###.#........ .......
..# ##
###.#.#.#####.# ..
#.....@.†..#..#.#.##.
#....g....<..<.......
#...(################
....(( ...(. .(...
.... ....


You could see Ijyb.

Vanquished Creatures
  A scorpion (D:2)
  A jelly (D:2)
  A worm (D:3)
  3 endoplasms
  2 giant cockroaches
  3 hobgoblins
  3 quokkas
  5 ball pythons
  2 bats (D:2)
  A frilled lizard (D:2)
  6 kobolds
  4 rats
32 creatures vanquished.

Notes
Turn   | Place    | Note
-------+----------+-------------------------------------------
     0 | Abyss:1  | heikuro the Formicid Abyssal Knight began the quest for the
                  | Orb.
     0 | Abyss:1  | Reached XP level 1. HP: 18/18 MP: 2/2
    61 | Abyss:1  | Noticed a raiju
    61 | Abyss:1  | Noticed a raiju
    62 | D:1      | Escaped the Abyss
   340 | D:1      | Reached skill level 1 in Dodging
   517 | D:1      | Reached XP level 2. HP: 18/24 MP: 3/3
   791 | D:1      | Reached * piety under Lugonu
  1368 | D:2      | Noticed a scorpion
  1376 | D:2      | Killed a scorpion
  1377 | D:2      | Reached skill level 1 in Slings
  1377 | D:2      | Reached XP level 3. HP: 22/30 MP: 3/5
  1377 | D:2      | Reached XP level 4. HP: 27/37 MP: 3/6
  1675 | D:2      | Found a faded altar of an unknown god.
  2194 | D:2      | Reached XP level 5. HP: 42/42 MP: 7/7
  2339 | D:3      | Noticed Ijyb
  2353 | D:3      | Killed from afar by Ijyb

Illustrated notes

Levels and vault maps discovered:
D:1:      dpeg_arrival_simpleton_b, layout_loops_corners
D:2:      layout_basic, basic_ecumenical_altar, minmay_cupped
D:3:      layout_basic, uniq_ijyb

Skill      XL: |  1  2 |
---------------+-------+-----
Dodging        | 1 |  1.0
Axes           | 3 |  3.3
Slings         | 1 |  1.5
Invocations    | 3 |  3.2
Fighting       | |  3.8
Armour         | |  2.9

Action                   |  1- 3 |  4- 6 || total
-------------------------+-------+-------++-------
Melee: Hand axe          |    58 |    36 ||    94
 Fire: Hunting sling     |     5 |    39 ||    44
Invok: Depart the Abyss  |     1 |       ||     1
Armor: Leather armour    |    11 |     3 ||    14
       Ring mail         |       |    11 ||    11
Dodge: Dodged            |    41 |    29 ||    70

Table legend: (Time is in decaauts)
 A = Elapsed time spent in this place.
 B = Non-inter-level travel time spent in this place.
 C = Inter-level travel time spent in this place.
 D = Time resting spent in this place.
 E = Time spent auto-exploring this place.
 F = Levels seen in this place.
 G = Mean time per level.
                   A        B        C        D        E       F      G
               +--------+--------+--------+--------+--------+-----+--------+
         Total |   2358 |   2285 |     73 |    306 |   1512 |   4 |  589.5 |
       Dungeon |   2296 |   2223 |     73 |    306 |   1451 |   3 |  765.3 |
         Abyss |     62 |     62 |      0 |      0 |     61 |   1 |   62.0 |
               +--------+--------+--------+--------+--------+-----+--------+

Top non-repeatable levels by time:
     D:1: 1310 daAuts
     D:2: 953 daAuts
 Abyss:1: 62 daAuts
     D:3: 32 daAuts
